 Dungeon Crawl Stone Soup version 0.18-a0-775-g4d9e04e (webtiles) character file.

82516 4thArraOfDagon the Executioner (level 15, -12/193 HPs)
             Began as a Hill Orc Berserker on Dec 13, 2015.
             Was a High Priest of Trog.
             Killed from afar by a deep elf mage (34 damage)
             ... with a bolt of lightning
             ... on level 1 of the Elven Halls.
             The game lasted 00:50:42 (7762 turns).

4thArraOfDagon the Executioner (Hill Orc Berserker) Turns: 7762, Time: 00:50:42

Health: -12/193    AC: 27    Str: 31    XL:     15   Next: 74%
Magic:  18/18      EV:  9    Int:  7    God:    Trog [*****.]
Gold:   76         SH:  5    Dex: 14    Spells: 0 memorised, 14 levels left

rFire  + + +     SeeInvis +     T - +0 battleaxe (elec)
rCold  . . .     Rnd*Rage +     u - +3 plate armour {rF+}
rNeg   . . .     SustAt   .     (shield currently unavailable)
rPois  +         Gourm    .     r - +0 helmet
rElec  .         Spirit   .     M - +2 cloak
rCorr  .         Dismiss  .     (no gloves)
rMut   .         Stasis   .     (no boots)
MR     ++++.                    e - amulet "Cedd" {Reflect MR+ Str-3 Dex+6 SH+3 SInv}
Stlth  ..........               x - ring of loudness (curse)
                                g - +4 ring of strength

@: berserking, regenerating, drained, very quick, incredibly resistant to
hostile enchantments, extremely unstealthy
A: claws 1, talons 1, large bone plates 1, berserk 1, blurry vision 1, clumsy 1,
dopey 1, fire resistance 2, poison resistance, MP-powered wands
a: Berserk, Trog's Hand, Brothers in Arms, Burn Spellbooks, Renounce Religion


You were on level 1 of the Elven Halls.
You worshipped Trog.
Trog was extremely pleased with you.
You were not hungry.

You visited 4 branches of the dungeon, and saw 21 of its levels.

You collected 1559 gold pieces.
You spent 1483 gold pieces at shops.

Inventory:

Hand Weapons
 A - a +0 antimagic broad axe
 D - a +2 battleaxe of flaming
 T - a +0 battleaxe of electrocution (weapon)
Missiles
 L - 7 javelins (quivered)
Armour
 r - a +0 helmet (worn)
 u - a +3 plate armour of fire resistance (worn)
 M - a +2 cloak (worn)
Magical Staves
 h - a cursed staff of wizardry {unknown}
 q - an uncursed staff of cold {unknown}
 P - an uncursed staff of death {unknown}
Jewellery
 e - the amulet "Cedd" (around neck) {Reflect MR+ Str-3 Dex+6 SH+3 SInv}
   (You bought it in a shop on level 2 of the Orcish Mines)

   [amulet of reflection]

   It shields you and reflects attacks.
   It affects your strength (-3).
   It affects your dexterity (+6).
   It affects your resistance to hostile enchantments.
   It lets you see invisible.
   It affects your SH (+3).
 g - a +4 ring of strength (left claw)
 i - an uncursed ring of fire
 v - an uncursed amulet of resist corrosion
 x - a cursed ring of loudness (right claw)
 Y - an uncursed amulet of rage
Wands
 n - a wand of lightning (0)
 o - a wand of digging (21)
 t - a wand of random effects (11)
 F - a wand of enslavement (8)
 Z - a wand of slowing (6)
Scrolls
 m - 4 scrolls of remove curse
 s - a scroll of enchant weapon
 w - a scroll of fear
 y - 5 scrolls of magic mapping
 B - 5 scrolls of recharging
 I - 6 scrolls of noise
 J - a scroll of enchant armour
 K - 5 scrolls of teleportation
 X - a scroll of summoning
Potions
 a - 2 potions of poison {unknown}
 f - 3 potions of might {unknown}
 j - 2 potions of degeneration {unknown}
 k - 2 potions of curing
 l - a potion of lignification {unknown}
 z - a potion of flight {unknown}
 C - a potion of cure mutation
 G - 2 potions of agility {unknown}
 O - a potion of heal wounds
 U - a potion of ambrosia
Books
 p - the Almanac of Curses
   (You found it on level 5 of the Dungeon)

   Spells                             Type                      Level
   a - Corona                         Hexes                        1
   b - Ensorcelled Hibernation        Hexes/Ice                    2
   c - Summon Mana Viper              Hexes/Summoning              5
   d - Metabolic Englaciation         Hexes/Ice                    5
   Trog disapproves of the use of such an item.
 E - a book of Flames

   Spells                             Type                      Level
   a - Flame Tongue                   Conjuration/Fire             1
   b - Throw Flame                    Conjuration/Fire             2
   c - Conjure Flame                  Conjuration/Fire             3
   d - Inner Flame                    Hexes/Fire                   3
   e - Sticky Flame                   Conjuration/Fire             4
   f - Fireball                       Conjuration/Fire             5
   Trog disapproves of the use of such an item.
 N - a Young Poisoner's Handbook

   Spells                             Type                      Level
   a - Sting                          Conjuration/Poison           1
   b - Cure Poison                    Poison                       2
   c - Mephitic Cloud                 Conjuration/Poison/Air       3
   d - Olgreb's Toxic Radiance        Poison                       4
   e - Venom Bolt                     Conjuration/Poison           5
   Trog disapproves of the use of such an item.
 Q - a book of Necromancy

   Spells                             Type                      Level
   a - Pain                           Necromancy                   1
   b - Animate Skeleton               Necromancy                   1
   c - Vampiric Draining              Necromancy                   3
   d - Regeneration                   Charms/Necromancy            3
   e - Animate Dead                   Necromancy                   4
   f - Control Undead                 Necromancy                   4
   Trog disapproves of the use of such an item.
 S - a book of Burglary

   Spells                             Type                      Level
   a - Swiftness                      Charms/Air                   2
   b - Passwall                       Transmutation/Earth          3
   c - Passage of Golubria            Translocation                4
   d - Lee's Rapid Deconstruction     Earth                        5
   e - Darkness                       Hexes                        6
   f - Invisibility                   Hexes                        6
   Trog disapproves of the use of such an item.
Miscellaneous
 W - a phantom mirror
Comestibles
 b - 5 slices of pizza
 c - 11 bread rations
 d - 5 meat rations
 R - 5 chunks of flesh


   Skills:
 + Level 11.0(10.7) Fighting
 * Level 24.3(23.9) Axes
 + Level 15.6(15.3) Armour
 - Level 1.5(1.3) Dodging
 + Level 4.0(3.7) Evocations


You had 14 spell levels left.
You didn't know any spells.

Dungeon Overview and Level Annotations

Branches:
Dungeon (15/15)            Temple (0/1) D:6            Lair (0/8) D:8
    Orc (2/2) D:11            Elf (1/3) Orc:2        Vaults (0/5) D:13
 Depths (3/5) D:15

Altars:
Ashenzari
Nemelex Xobeh
Pakellas
Qazlal

Shops:
D:11 ?   D:15 *   Orc:1 *   Orc:2 =*[

Portals:
Hell: Depths:1
Ziggurat: Depths:1

Annotations:
D:7 exclusion: ice statue
D:8 Maurice
D:14 exclusion: Roxanne, Roxanne
Depths:2 exclusion: downstairs


Innate Abilities, Weirdness & Mutations

You have sharp fingernails.
You have sharp toenails.
You are partially covered in large bone plates (AC +2, SH +2).
You tend to lose your temper in combat.
Scrolls take you a little longer to read.
You are clumsy. (Dex -2)
You are dopey. (Int -2)
Your flesh is very heat resistant.
Your system is resistant to poisons.
You expend magic power (3 MP) to strengthen your wands.


Message History

The deep elf mage hits you but does no damage.
Unknown command.
You closely miss the deep elf mage.
You claw the deep elf mage, but do no damage.
The deep elf mage is severely wounded.
You feel the effects of Trog's Hand fading.
Unknown command.
Your plate armour prevents you from hitting the deep elf mage.
The deep elf mage is severely wounded.
The deep elf mage points at you and mumbles some strange words.
The bolt of lightning hits you!
* * * LOW HITPOINT WARNING * * *
Unknown command.
Unknown command.
A red film seems to cover your vision as you go berserk!
You feel yourself moving faster!
You feel mighty!
You feel somewhat more hungry.
The deep elf mage points at you and mumbles some strange words.
The bolt of lightning hits you!
You die...

.e..# ....# ....# .#
#... .# #..e#### #(#
#.8.).########.# .
#...#.......##.## #
#$..##+##e#####.#...##.#
#......@## #......#.#
##.....## #.#...##.#
##...## #........# #...
##.# ####)##### ........
#. #)# ........ #.####
##'## ......... # ..#
##.).## .##.....# #.#
##...^.## .#......###
##.## ##.......##


You could see a deep elf mage.

Vanquished Creatures
  A tengu reaver (Depths:2)
  A storm dragon (Depths:1)
  2 fire giants
  2 orc warlords
  A juggernaut skeleton (Depths:1)
  3 very ugly things (Depths:1)
  3 stone giants
  Azrael (D:14)
  2 salamander stormcallers (Depths:2)
  Josephine (D:11)
  The ghost of 4thArraOfDagon the Grappler, a journeyman TrEE of Cheibriados (Orc:2)
  A fire dragon (Depths:2)
  Harold (Orc:1)
  2 ice dragons (Depths:1)
  2 dancing weapons (Elf:1)
  Erica (D:7)
  2 tengu warriors
  3 ogre magi
  3 deep troll shamans (Depths:2)
  5 orc high priests (Orc:2)
  A spriggan berserker (Depths:2)
  Urug (Orc:1)
  3 deep elf knights (Elf:1)
  3 iron trolls (Depths:2)
  3 sun demons (Depths:2)
  2 unseen horrors
  A spriggan druid (Depths:1)
  A necromancer (Depths:1)
  4 deep trolls
  A deep troll (shapeshifter) (Depths:1)
  11 deep elf magi
  3 orc knights (Orc:2)
  A sphinx zombie (Depths:1)
  5 orc sorcerers (Orc:2)
  A shining eye (shapeshifter) (D:13)
  A manticore (D:15)
  A wolf spider (D:15)
  4 ugly things
  A cyclops (D:12)
  A black mamba (shapeshifter) (D:13)
  A centaur zombie (D:13)
  A stone giant skeleton (Depths:1)
  A gargoyle (D:15)
  3 kobold demonologists (D:14)
  3 efreet
  4 red devils (Depths:2)
  7 trolls
  A freezing wraith (Depths:2)
  9 two-headed ogres
  2 trapdoor spider zombies (D:12)
  11 slime creatures
  A shadow (D:11)
  A vampire (D:12)
  An air elemental (Depths:2)
  3 fire elementals (D:14)
  A deep troll skeleton (Depths:1)
  4 wraiths (D:11)
  3 hippogriffs
  30 yaks
  A basilisk (D:14)
  A wyvern (D:15)
  Eustachio (D:4)
  A human (D:7)
  A hog (D:7)
  5 deep elf fighters
  A hippogriff (shapeshifter) (D:13)
  5 vampire mosquitoes
  2 wolves (Depths:1)
  A mottled dragon (D:15)
  26 orc warriors
  5 sky beasts
  5 wargs
  4 hell hounds
  A black bear (Depths:1)
  3 centaurs
  A phantom (D:12)
  17 ogres
  A spriggan simulacrum (Depths:2)
  An eye of draining (D:13)
  2 ice beasts
  6 big kobolds
  7 giant frogs
  13 wights
  6 killer bees (D:13)
  4 crimson imps
  5 hounds
  4 jellies
  A gnoll shaman (D:8)
  33 orc wizards
  19 orc priests
  2 centaur skeletons
  An iguana (D:12)
  A giant frog skeleton (D:6)
  5 worker ants
  2 sheep (D:7)
  2 worker ant zombies (D:11)
  2 adders
  4 gnolls (D:8)
  An adder skeleton (D:7)
  2 adder zombies
  A worm (D:4)
  77 orcs
  4 hobgoblins
  4 jackals (D:9)
  2 quokkas
  2 bats
  A giant gecko zombie (D:4)
  A giant newt (D:2)
  3 goblins
  A jackal skeleton (D:9)
  24 kobolds
  4 rats (D:1)
503 creatures vanquished.

Vanquished Creatures (collateral kills)
  A rakshasa (D:15)
1 creature vanquished.

Vanquished Creatures (others)
  A hound skeleton (D:8)
  An orc (Orc:1)
  A fire vortex (Depths:2)
3 creatures vanquished.

Grand Total: 507 creatures vanquished

Notes
Turn   | Place    | Note
--------------------------------------------------------------
     0 | D:1      | 4thArraOfDagon the Hill Orc Berserker began the quest for the Orb.
     0 | D:1      | Reached XP level 1. HP: 19/19 MP: 1/1
    95 | D:1      | Reached XP level 2. HP: 22/27 MP: 2/2
   294 | D:3      | Found an oddly glowing altar of Pakellas.
   376 | D:4      | Reached XP level 3. HP: 29/33 MP: 3/3
   381 | D:4      | Noticed Eustachio
   400 | D:4      | Killed Eustachio
   400 | D:4      | Reached skill level 6 in Axes
   400 | D:4      | Reached XP level 4. HP: 37/41 MP: 4/4
   400 | D:4      | Reached XP level 5. HP: 42/47 MP: 5/5
   431 | D:4      | Found a shattered altar of Ashenzari.
   440 | D:4      | Reached ** piety under Trog
   440 | D:4      | Reached skill level 5 in Fighting
   485 | D:5      | Entered Level 5 of the Dungeon
   499 | D:5      | Identified the Almanac of Curses
   643 | D:6      | Noticed a sky beast
   656 | D:6      | Killed a sky beast
   656 | D:6      | Reached skill level 7 in Axes
   656 | D:6      | Reached XP level 6. HP: 56/56 MP: 6/6
   671 | D:6      | Gained mutation: Your flesh is heat resistant. [mutagenic meat]
   672 | D:6      | Gained mutation: You expend magic power (3 MP) to strengthen your wands. [mutagenic meat]
   673 | D:6      | Gained mutation: You are clumsy. (Dex -2) [mutagenic meat]
   674 | D:6      | Gained mutation: You have sharp toenails. [mutagenic meat]
   675 | D:6      | Gained mutation: Your mind is acute. (Int +2) [mutagenic meat]
   676 | D:6      | Lost mutation: Your mind is acute. (Int +2) [mutagenic meat]
   746 | D:7      | Reached XP level 7. HP: 41/62 MP: 7/7
   772 | D:6      | Found a staircase to the Ecumenical Temple.
   810 | D:7      | Reached skill level 8 in Axes
   886 | D:7      | Noticed an ice statue
   898 | D:8      | Found a staircase to the Lair.
   898 | D:8      | Noticed Erica
   911 | D:7      | Killed Erica
   911 | D:7      | Reached skill level 9 in Axes
   911 | D:7      | Reached skill level 5 in Armour
   911 | D:7      | Reached XP level 8. HP: 73/73 MP: 8/8
  1021 | D:8      | Reached skill level 10 in Axes
  1110 | D:8      | Reached XP level 9. HP: 77/81 MP: 9/9
  1117 | D:8      | Noticed Maurice
  1131 | D:7      | Reached skill level 11 in Axes
  1358 | D:8      | Found a stormy altar of Qazlal.
  1376 | D:8      | Reached skill level 12 in Axes
  1505 | D:9      | Gained mutation: You tend to lose your temper in combat. [mutagenic meat]
  1506 | D:9      | Gained mutation: You are weak. (Str -2) [mutagenic meat]
  1507 | D:9      | Gained mutation: You are partially covered in large bone plates (AC +2, SH +2). [mutagenic meat]
  1508 | D:9      | Gained mutation: You are dopey. (Int -2) [mutagenic meat]
  1509 | D:9      | Gained mutation: You regenerate slowly when monsters are visible. [mutagenic meat]
  1513 | D:9      | meh
  1709 | D:10     | Entered Level 10 of the Dungeon
  1792 | D:9      | Reached XP level 10. HP: 91/91 MP: 10/10
  1840 | D:9      | Reached skill level 13 in Axes
  1878 | D:10     | Reached *** piety under Trog
  2031 | D:10     | You fall through a shaft for 2 floors!
  2035 | D:11     | Noticed Josephine
  2058 | D:11     | Reached skill level 14 in Axes
  2160 | D:11     | Found Xestuc's Magic Scroll Boutique.
  2183 | D:11     | Bought a scroll of enchant armour for 105 gold pieces
  2183 | D:11     | Bought a scroll of teleportation for 42 gold pieces
  2183 | D:11     | Bought a scroll of identify for 28 gold pieces
  2183 | D:11     | Bought 2 scrolls of noise for 28 gold pieces
  2183 | D:11     | Bought a scroll of fear for 49 gold pieces
  2221 | D:11     | Reached skill level 15 in Axes
  2294 | D:11     | Reached XP level 11. HP: 97/97 MP: 9/11
  2413 | D:12     | Reached **** piety under Trog
  2610 | D:12     | Reached skill level 16 in Axes
  2610 | D:12     | Reached skill level 10 in Armour
  2732 | D:12     | You fall through a shaft for 3 floors!
  2732 | D:15     | Entered Level 15 of the Dungeon
  2757 | D:15     | Found Qall's Assorted Antiques.
  2762 | D:15     | Bought a black potion for 29 gold pieces
  2762 | D:15     | Bought a black potion for 29 gold pieces
  2848 | D:15     | Noticed a fire giant
  2865 | D:15     | Killed a fire giant
  2889 | D:15     | Noticed a rakshasa
  2898 | D:15     | Killed a rakshasa
  2898 | D:15     | Reached skill level 17 in Axes
  3146 | D:14     | Reached XP level 12. HP: 100/105 MP: 10/12
  3202 | D:14     | Reached skill level 18 in Axes
  3415 | D:14     | Noticed Azrael
  3423 | D:14     | Killed Azrael
  3423 | D:14     | Reached skill level 19 in Axes
  3531 | D:13     | Found a gate to the Vaults.
  3536 | D:13     | Gained mutation: Your magical capacity is low (-10% MP). [a shining eye]
  3561 | D:13     | Lost mutation: You are weak. (Str -2) [mutagenic meat]
  3562 | D:13     | Gained mutation: You have sharp fingernails. [mutagenic meat]
  3563 | D:13     | Lost mutation: Your magical capacity is low (-10% MP). [mutagenic meat]
  3564 | D:13     | Gained mutation: Your system is resistant to poisons. [mutagenic meat]
  3566 | D:13     | Gained mutation: Scrolls take you a little longer to read. [mutagenic meat]
  3567 | D:13     | Lost mutation: You regenerate slowly when monsters are visible. [mutagenic meat]
  3736 | D:14     | Noticed Roxanne
  3760 | D:15     | Noticed an ogre mage
  3766 | D:15     | Reached XP level 13. HP: 103/111 MP: 9/13
  3777 | D:15     | Gained mutation: Your flesh is very heat resistant. [mutagenic meat]
  3820 | D:15     | Found a staircase to the Depths.
  3830 | Depths:1 | Entered Level 1 of the Depths
  3832 | Depths:1 | Noticed a green very ugly thing
  3846 | Depths:1 | Killed a green very ugly thing
  3846 | Depths:1 | Reached skill level 20 in Axes
  3875 | Depths:1 | Noticed a stone giant
  3889 | D:15     | Killed a stone giant
  3978 | Depths:1 | Noticed a green very ugly thing
  4014 | Depths:1 | Noticed a green very ugly thing
  4025 | Depths:1 | Killed a green very ugly thing
  4027 | Depths:1 | Killed a white very ugly thing
  4100 | Depths:1 | Paralysed by an ogre mage for 2 turns
  4108 | Depths:1 | Reached skill level 21 in Axes
  4177 | Depths:1 | Found a gateway to Hell.
  4286 | Depths:1 | Found a gateway to a ziggurat.
  4295 | Depths:1 | :(
  4309 | Depths:1 | Noticed a juggernaut skeleton
  4324 | Depths:1 | Killed a juggernaut skeleton
  4460 | Depths:3 | Noticed a stone giant
  4462 | Depths:3 | Noticed an ettin
  4642 | Depths:3 | Noticed a stone giant
  4655 | Depths:2 | Killed a stone giant
  4655 | Depths:2 | Reached XP level 14. HP: 118/118 MP: 11/14
  4695 | Depths:2 | Noticed a stone giant
  4714 | Depths:2 | Killed a stone giant
  4714 | Depths:2 | Reached skill level 22 in Axes
  5135 | Depths:2 | Received a gift from Trog
  5281 | Depths:2 | Found a sparkling altar of Nemelex Xobeh.
  5299 | Depths:2 | Noticed a tengu reaver
  5326 | Depths:2 | Killed a tengu reaver
  5395 | Depths:2 | Reached skill level 23 in Axes
  5525 | Depths:2 | Noticed a storm dragon
  5526 | Depths:2 | Noticed a fire giant
  5573 | Depths:1 | Killed a storm dragon
  5623 | Depths:2 | Killed a fire giant
  5673 | Depths:2 | Reached skill level 15 in Armour
  6164 | D:11     | Killed Josephine
  6173 | D:11     | Reached XP level 15. HP: 126/126 MP: 13/15
  6176 | D:11     | Found a staircase to the Orcish Mines.
  6246 | Orc:1    | Entered Level 1 of the Orcish Mines
  6344 | Orc:2    | Entered Level 2 of the Orcish Mines
  6378 | Orc:2    | Reached skill level 1 in Evocations
  6403 | Orc:2    | Reached skill level 10 in Fighting
  6438 | Orc:1    | Found Soazimi's Assorted Antiques.
  6441 | Orc:1    | Bought a golden potion for 35 gold pieces
  6441 | Orc:1    | Bought a scroll labeled SIPPASA VUJIJA for 39 gold pieces
  6441 | Orc:1    | Bought a scroll labeled TINUES XAOJEMP for 39 gold pieces
  6441 | Orc:1    | Bought a scroll labeled TINUES XAOJEMP for 39 gold pieces
  6609 | Orc:2    | Noticed 4thArraOfDagon's ghost (journeyman TrEE)
  6618 | Orc:2    | Killed 4thArraOfDagon's ghost
  6651 | Orc:1    | Noticed Harold
  6674 | Orc:1    | Killed Harold
  6710 | Orc:1    | Noticed Urug
  6727 | Orc:1    | Killed Urug
  6803 | Orc:2    | Found a staircase to the Elven Halls.
  7075 | Orc:2    | Reached skill level 24 in Axes
  7374 | Orc:2    | Found Soushups's Antique Armour Shoppe.
  7375 | Orc:2    | Found Ymeocsoisk's Antique Weapon Emporium.
  7383 | Orc:2    | Found Piyps's General Store.
  7395 | Orc:2    | Found Revyubb's Jewellery Shoppe.
  7411 | Orc:2    | Bought the amulet "Cedd" {Reflect MR+ Str-3 Dex+6 SH+3 SInv} for 721 gold pieces
  7415 | Orc:2    | Bought an uncursed amulet of resist corrosion for 300 gold pieces
  7475 | Elf:1    | Entered Level 1 of the Elven Halls
  7529 | Elf:1    | Reached ***** piety under Trog
  7762 | Elf:1    | Killed from afar by a deep elf mage

Vault maps used:
D:1:      dpeg_arrival_simpleton_b
D:2:      ecumenical_altar_1, minivault_5, minmay_misc_feat_diagonals,
          st_stairs_11, feat_on_display
D:3:      grunt_pakellas_salt, uniq_sigmund
D:4:      xom_redecorated, nicolae_overflow_hidden_temple, serial_undead,
          serial_undead_f, serial_undead_d, serial_undead_f, serial_undead_b,
          grunt_ministairs_10, uniq_robin, uniq_duvessa, uniq_eustachio
D:5:      first_bread, hangedman_abyss_or_decor_lesser_grid
D:6:      nicolae_tso_carved_into_rock, temple_statues, fedhas_altar_fruit_tree,
          uniq_edmund
D:7:      lemuel_ice_statue, grunt_decor_cap, grunt_livestock, minivault_1,
          uniq_joseph
D:8:      nicolae_dithmenos_the_darkroom, nicolae_qazlal_general_emergency,
          erik_lair_orcish_takeover, serial_shops, shop, hex_tiny,
          hangedman_abyss_or_decor_jellyfish_corner, lemuel_old_faithful,
          uniq_maurice, uniq_erica
D:10:     enter_trove_1, hex_large, uniq_snorg, uniq_grum
D:11:     orc_0_dummy, basic_altar, serial_shops, shop, grunt_ministairs_8,
          uniq_josephine, uniq_gastronok
D:13:     david_vaults_2, lightli_fourway_metalbox, uniq_frances
D:14:     minmay_misc_feat_chi, kennysheep_crisscross, uniq_azrael, uniq_roxanne
D:15:     grunt_enter_depths_giant_problem, serial_bayou_pond_e, serial_shops,
          shop_statue, grunt_ministairs_12
Orc:1:    serial_shops, nicolae_shop_window_shopping, uniq_harold, uniq_urug
Orc:2:    st_orc_congregation
Elf:1:    minivault_28, grunt_megastairs_4
Depths:1: enter_ziggurat_c, minmay_door_square, hell_entry,
          kilobyte_rumbling_trees
Depths:2: grunt_profane_halls, hell_entry
Depths:3: evilmike_wizard_prison, minmay_misc_feat_pillars, pf_coc_iceberg,
          grunt_pan_entry_spiral, grunt_megastairs_3, serial_bayou_shore_a

Action                   |  1- 3 |  4- 6 |  7- 9 | 10-12 | 13-15 || total
-------------------------+-------+-------+-------+-------+-------++-------
Melee: Hand axe          |    59 |    53 |   178 |       |       ||   290
       War axe           |       |       |    17 |    11 |       ||    28
       Battleaxe         |       |       |       |   344 |   720 ||  1064
Invok: Berserk           |     1 |     3 |    10 |    19 |    30 ||    63
       Trog's Hand       |       |     1 |     6 |    17 |    44 ||    68
       Brothers in Arms  |       |       |       |     2 |       ||     2
Evoke: Wand              |       |     2 |       |       |     3 ||     5
  Use: Scroll            |       |     4 |       |     2 |    11 ||    17
       Potion            |       |       |     1 |       |     7 ||     8
  Eat: Chunk             |       |    10 |    16 |    38 |    49 ||   113
       Royal jelly       |       |       |     1 |       |       ||     1
       Fruit             |       |       |       |     2 |     3 ||     5
       Beef jerky        |       |       |       |       |     2 ||     2
       Pizza             |       |       |       |       |     5 ||     5
